[Event "*** MasterClass Titled Tuesday Blitz"]
[Site "Chess.com"]
[Date "2017.11.07"]
[Round "1"]
[White "Oneofmyturns"]
[Black "P0ubelle"]
[Result "1-0"]
[WhiteElo "2511"]
[BlackElo "2220"]
[TimeControl "180+2"]
[EndTime "14:11:26 PST"]
[Termination "Oneofmyturns won by resignation"]

1. d4 Nf6 2. c4 g6 3. Nc3 Bg7 4. e4 d6 5. h3 O-O 6. Be3 e5 7.
d5 a5 8. Nf3 Na6 9. Be2 Nd7 10.
g4 Ndc5 11. Rg1 c6 12. h4 b5 13. cxb5 cxb5 14. Bxb5 Rb8 15. Nd2 Nb4 16. Bxc5 Rxb5 17. Nxb5 Nd3+ 18. Kf1 Nxc5 19. h5 Bh6 20. Nc3 Qh4 21.
Nc4 Rd8 22. Qf3 Bf4 23. Ke2 Qe7 24. b3 g5 25. Kf1 Ba6 26. Kg2 h6 27. Rgc1 Bxc1 28.
Rxc1 Kg7 29. Nxa5 Qf6 30. Nc6 Rd7 31. Qxf6+ Kxf6 32. b4 Nd3 33. Rb1 Nf4+ 34. Kf3 Bd3 35. Rb2 Bc4 36. b5 Nd3 37. Rb1 Nc5 38. a4 Bd3 39.
Rb4 Rc7 40. Ke3 Bf1 41. a5 Nd3 42. Rb1 Nf4 43. Rxf1 Rb7 44. b6 Rb8 45. Rb1 Ng2+ 46. Kd2 Nf4 47. a6 1-0

[Event "*** MasterClass Titled Tuesday Blitz"]
[Site "Chess.com"]
[Date "2017.11.07"]
[Round "1"]
[White "GMHess"]
[Black "StoreySniper"]
[Result "1-0"]
[WhiteElo "2561"]
[BlackElo "2291"]
[TimeControl "180+2"]
[EndTime "14:11:31 PST"]
[Termination "GMHess won by resignation"]

1. c4 g6 2. d4 Bg7 3. e4 d6 4.
Nc3 e5 5. dxe5 dxe5 6. Qxd8+ Kxd8 7. f4 Nd7 8. Nf3 f6 9. fxe5 Nxe5 10. Nxe5 fxe5 11.
Nd5 h6 12. Be3 c6 13. Nc3 Be6 14. Be2 Kc7 15. O-O Nf6 16. Rac1 Nd7 17. Nd5+ Kd8 18. Nb4 Bf8 19. Nd3 Be7 20. b4 b6 21. a4 Kc7 22. c5 Kb7 23. b5 Nxc5 24. Bxc5 Bxc5+ 25. Nxc5+ bxc5 26. Rxc5 Rhf8 27. Rxc6 Rxf1+ 28. Kxf1 Re8 29.
a5 g5 30. Kf2 Re7 31. Bh5 Kb8 32. Be2 g4 33. Kg3 h5 34. Kh4 Bf7 35. Bc4 Be8 36.
Rc5 Bg6 37. Bd5 Rc7 38. Rxc7 Kxc7 39. Kg5 Be8 40. Bc4 Kd6 41. b6 axb6 42. axb6 Kc6 43.
Bb5+ 1-0

[Event "*** MasterClass Titled Tuesday Blitz"]
[Site "Chess.com"]
[Date "2017.11.07"]
[Round "1"]
[White "Po6Don"]
[Black "johnathan113"]
[Result "0-1"]
[WhiteElo "2001"]
[BlackElo "2466"]
[TimeControl "180+2"]
[EndTime "14:11:37 PST"]
[Termination "johnathan113 won on time"]

1. e4 c5 2. c3 g6 3. d4 cxd4 4. cxd4 d5 5. e5 Nh6 6. Nf3 Bg7 7. Bb5+ Nc6 8. Nc3 O-O 9. Bxc6 bxc6 10. O-O f6 11.
Re1 fxe5 12. Nxe5 Qb6 13. Na4 Qc7 14. Nc5 Nf5 15. h3 Nd6 16. Qa4 Bxe5 17. Rxe5 Nc4 18.
Re2 Qd6 19. b3 Nb6 20. Qb4 Bf5 21. Bg5 Rf7 22. Rae1 Re8 23. Qd2 Nd7 24. Bf4 Qf6 25. Bg5 Qd6 26. Bf4 Qf6 27. Bg5 Qg7 28. Nxd7 Bxd7 29.
Rxe7 Rfxe7 30. Rxe7 Rxe7 31. Bxe7 Qxe7 32. Qf4 Bf5 33. Kh2 Kg7 34. g4 Bb1 35. Kg3 Bxa2 36. b4 Bc4 37. h4 h6 38. h5 g5 39. Qf5 Qf7 40. Qe5+ Kh7 41. Qd6 Be2 42. f4 Qxf4+ 43.
Qxf4 gxf4+ 44. Kxf4 Kg7 45. g5 Bxh5 46. gxh6+ Kxh6 47. Ke5 Be2 48. Kd6 Bb5 49. Kc7 a6 50. Kb6 Kg5 51. Kc7 Kf4 52. Kd6 Ke4 53. Ke6 Kxd4 0-1

[Event "*** MasterClass Titled Tuesday Blitz"]
[Site "Chess.com"]
[Date "2017.11.07"]
[Round "1"]
[White "chipmunknau"]
[Black "PenguinPacks"]
[Result "1-0"]
[WhiteElo "2484"]
[BlackElo "2162"]
[TimeControl "180+2"]
[EndTime "14:11:40 PST"]
[Termination "chipmunknau won by checkmate"]

1. Nf3 Nf6 2. g3 d5 3. Bg2 c6 4. O-O Bg4 5. d3 Nbd7 6. Nc3 e5 7. e4 Bd6 8. h3 Bh5 9. exd5 cxd5 10. g4 Bg6 11. Nh4 d4 12. Nb5 Be7 13. f4 exf4 14. Bxf4 O-O 15. Nd6 Nb6 16. Nhf5 Bxf5 17. Nxf5 Nfd5 18.
Nxe7+ Qxe7 19. Qf3 f5 20. g5 Nxf4 21. Qxf4 Rad8 22.
Rae1 Qd7 23. Re5 g6 24. b3 Rfe8 25. Rfe1 Rxe5 26. Qxe5 Qd6 27. Bxb7 Qxe5 28. Rxe5 Rd7 29. Ba6 Kg7 30. Kf2 Nd5 31. Bc4 Ne3 32. Re8 h6 33. h4 hxg5 34. hxg5 Kh7 35. Kf3 Nxc2 36. Kf4 Ne3 37. Be6 Rg7 38. Rd8 Re7 39. Ke5 Ng4+ 40. Kd6 Rg7 41. Kd5 Re7 42. Kd6 Rg7 43. Rc8 Ne3 44. Rc1 f4 45. Rh1# 1-0

[Event "*** MasterClass Titled Tuesday Blitz"]
[Site "Chess.com"]
[Date "2017.11.07"]
[Round "1"]
[White "Giorno"]
[Black "A-Fier"]
[Result "0-1"]
[WhiteElo "2335"]
[BlackElo "2600"]
[TimeControl "180+2"]
[EndTime "14:11:41 PST"]
[Termination "A-Fier won by resignation"]

1. Nf3 Nf6 2. g3 g6 3. Bg2 Bg7 4. O-O O-O 5. d3 d6 6. c4 e5 7.
Nc3 a5 8. a3 Re8 9. e4 Nc6 10.
h3 Nd7 11. Rb1 Nc5 12. Be3 Ne6 13. Nd5 Ncd4 14. Kh2 c6 15. Nc3 Nxf3+ 16. Bxf3 Nd4 17. Bg2 Bd7 18. Ne2 c5 19. Nc3 a4 20. Nd5 b5 21. Bxd4 cxd4 22. cxb5 Bxb5 23. f4 exf4 24. Rxf4 Be5 25. Rf3 Bc6 26. Nb4 Bb7 27. b3 axb3 28.
Qxb3 Qd7 29. Rbf1 Rf8 30. Kh1 Kg7 31. g4 f6 32. R3f2 Qa4 33. Qxa4 Rxa4 34. Ra2 Rfa8 35.
Rfa1 Bc8 36. Bf3 Be6 37. Nd5 Rb8 38. Bd1 Ra5 39. a4 f5 40. gxf5 gxf5 41. Bf3 f4 42. Kh2 Rb3 43. Rg2+ Kf8 44. Nc7 Bf7 45. Rag1 Rxd3 46.
Rf1 Rxa4 47. Nd5 Raa3 48. Rgf2 Bxd5 49. exd5 Re3 50. Kg2 d3 51. Rd2 Bc3 52. Rdd1 Ra2+ 53. Kh1 d2 54. Bg2 Re1 55. Kh2 Kg7 56. Bf3 Ra7 57.
Rg1+ Kf6 58. Bg4 Ra4 59. Kg2 Rae4 60. Kf2 Bd4+ 61. Kf3 Bxg1 62. Rxd2 R4e3+ 63. Kg2 Rg3+ 64. Kh1 0-1

[Event "*** MasterClass Titled Tuesday Blitz"]
[Site "Chess.com"]
[Date "2017.11.07"]
[Round "1"]
[White "Mistheoretical"]
[Black "JaimeSantosLatasa"]
[Result "0-1"]
[WhiteElo "2292"]
[BlackElo "2561"]
[TimeControl "180+2"]
[EndTime "14:11:41 PST"]
[Termination "JaimeSantosLatasa won by resignation"]

1. d4 g6 2. e4 Bg7 3. Nc3 d6 4. Be3 a6 5. Qd2 b5 6. a3 Bb7 7. f3 Nd7 8. Nh3 Rc8 9. Be2 c5 10. O-O cxd4 11. Bxd4 Bxd4+ 12. Qxd4 Qb6 13. Rfd1 Ngf6 14.
Nf2 Qxd4 15. Rxd4 Ne5 16. f4 Nc6 17. Rd2 Nd7 18. Re1 Nb6 19. Nfd1 O-O 20. Ne3 Rfd8 21. Red1 Kf8 22. Kf2 Ke8 23. g4 h6 24. h4 Na5 25.
Rd4 Rc7 26. Rh1 e5 27. fxe5 dxe5 28. Rxd8+ Kxd8 29. h5 g5 30. Nf5 Rc6 31. Bd3 Bc8 32. Ne3 Be6 33. Ncd5 Nac4 34. Nb4 Rd6 35. Bxc4 Nxc4 36.
Nxc4 Bxc4 37. Ke3 Be6 38. Nd3 Bxg4 39. Nxe5 Be6 40. Rf1 Ke7 41. b3 a5 42. Nd3 Rc6 43. Rf2 f6 44. e5 f5 45. Kd4 Rc8 46. Rd2 Bf7 47. Rf2 Rd8+ 48. Kc3 Be6 49. Kd2 f4 50. Kc3 Bf5 51. b4 Bxd3 52. cxd3 axb4+ 53. Kxb4 Rxd3 54. Kxb5 Rxa3 55. Rc2 Rh3 56. Rc7+ Ke6 57. Rc6+ Kxe5 58. Rxh6 f3 59. Rh8 g4 60. Kc4 f2 61.
Re8+ Kf4 62. Rf8+ Kg3 63. Kd3 Rxh5 64. Ke2 Re5+ 65. Kd2 Kg2 0-1

[Event "*** MasterClass Titled Tuesday Blitz"]
[Site "Chess.com"]
[Date "2017.11.07"]
[Round "1"]
[White "filali-oujda"]
[Black "GM_dmitrij"]
[Result "0-1"]
[WhiteElo "2338"]
[BlackElo "2605"]
[TimeControl "180+2"]
[EndTime "14:11:42 PST"]
[Termination "GM_dmitrij won by resignation"]

1. e4 e5 2. Nf3 Nc6 3. Bc4 Nf6 4. d4 exd4 5. Ng5 Ne5 6. Bb3 Bb4+ 7. c3 dxc3 8. bxc3 Bc5 9. f4 Nc6 10. Nxf7 Qe7 11.
e5 Rf8 12. Ng5 d6 13. e6 h6 14. Nf3 Bxe6 15. Qe2 Bg4 16. Ba3 Qxe2+ 17. Kxe2 Bxa3 18. Nxa3 O-O-O 19. Rae1 Nh5 20. g3 Ne5 21. Be6+ Bxe6 22. fxe5 Bg4 23. Rhf1 dxe5 24. Ke3 Bxf3 25. Rxf3 Nf6 26.
Ke2 Ne4 27. Nc4 Rxf3 28. Kxf3 Nd2+ 29. Nxd2 Rxd2 30. Rxe5 Rxh2 31. a4 Kd7 32. Kg4 Rf2 33. Rd5+ Kc6 34. Rd4 Rf6 35. Kh5 a5 36. g4 b5 37. Kh4 bxa4 38. Rxa4 Kb5 39. Rd4 a4 40.
Rd7 g5+ 41. Kg3 a3 42. Rd2 Ra6 43. Ra2 Kc4 44. Rxa3 Rxa3 0-1

[Event "*** MasterClass Titled Tuesday Blitz"]
[Site "Chess.com"]
[Date "2017.11.07"]
[Round "1"]
[White "Margency"]
[Black "evgenysharapov"]
[Result "1-0"]
[WhiteElo "2523"]
[BlackElo "2244"]
[TimeControl "180+2"]
[EndTime "14:11:43 PST"]
[Termination "Margency won by resignation"]

1. e4 c5 2. Nf3 d6 3. d4 cxd4 4. Nxd4 Nf6 5. Nc3 Nc6 6. Bg5 Qb6 7. Bxf6 gxf6 8. Nb3 f5 9. Nd5 Qd8 10. Qe2 Bg7 11.
O-O-O O-O 12. exf5 Bxf5 13. g4 Be6 14. f4 a5 15. a3 a4 16. Na1 b5 17. c3 Nd4 18.
Qe4 Bxd5 19. Qxd5 e6 20. Qg2 Nb3+ 21. Kb1 Qa5 22. Qf3 d5 23. f5 Qd8 24. Bd3 Nxa1 25.
Kxa1 b4 26. cxb4 e5 27. Bb1 e4 28. Qe2 Rc8 29. Ba2 Qf6 30. Rxd5 Rc3 31. g5 Qxg5 32.
bxc3 Bxc3+ 33. Kb1 Bg7 34. Bc4 Qf6 35. Ka2 Rc8 36.
Rb1 Qc3 37. Rc5 Rd8 38. Bxf7+ Kh8 39. Rxc3 1-0

[Event "*** MasterClass Titled Tuesday Blitz"]
[Site "Chess.com"]
[Date "2017.11.07"]
[Round "1"]
[White "Lunaticx"]
[Black "mc4chess"]
[Result "1-0"]
[WhiteElo "2693"]
[BlackElo "2408"]
[TimeControl "180+2"]
[EndTime "14:11:46 PST"]
[Termination "Lunaticx won on time"]

1. d4 Nf6 2. c4 e5 3. dxe5 Ng4 4.
Bf4 Nc6 5. Nf3 Bb4+ 6. Nbd2 Qe7 7. a3 Ngxe5 8. Nxe5 Nxe5 9. e3 Bxd2+ 10. Qxd2 O-O 11. Qc3 Ng6 12. Bg3 d6 13. Be2 b6 14. Bf3 Rb8 15.
O-O Bb7 16. Bd5 Rfe8 17. Rfd1 Ne5 18. Bxb7 Rxb7 19. b4 Rbb8 20. Rac1 h5 21. h3 Rbd8 22. Rd5 h4 23. Bh2 Qf6 24. Kf1 Ra8 25. Rcd1 a5 26. b5 Nd7 27. Qxf6 Nxf6 28. R5d4 Re4 29. Rxe4 Nxe4 30.
Rd4 Nc5 31. Rxh4 Re8 32. Rd4 Kf8 33. g4 Ke7 34. h4 Kd7 35. h5 Ne6 36. Rd5 Rh8 37.
Bg3 Rg8 38. f3 Rh8 39. Kg2 Nc5 40. e4 Ke6 41. Kf2 f6 42. Ke3 Na4 43. Be1 Nb2 44. Rd4 Kf7 45. Kf4 1-0

[Event "*** MasterClass Titled Tuesday Blitz"]
[Site "Chess.com"]
[Date "2017.11.07"]
[Round "1"]
[White "NateSolon"]
[Black "Sam_ChessMood"]
[Result "1-0"]
[WhiteElo "2379"]
[BlackElo "2624"]
[TimeControl "180+2"]
[EndTime "14:11:48 PST"]
[Termination "NateSolon won on time"]

1. d4 Nf6 2. Bf4 d5 3. e3 c5 4. Nc3 cxd4 5. exd4 Bg4 6. Nf3 Nc6 7. Bb5 e6 8. h3 Bxf3 9. Qxf3 a6 10. Bxc6+ bxc6 11. O-O Be7 12. Na4 O-O 13. c3 a5 14. Rfe1 Nd7 15.
Rad1 Nb6 16. Nc5 Nd7 17. Nb7 Qb6 18. Nd6 Qxb2 19. Rb1 Qa3 20. Rb3 Qxa2 21. Rb7 Rad8 22. Nf5 Bf6 23. Nd6 c5 24. dxc5 Nxc5 25. Rc7 Nd7 26. Nb7 Qa4 27. Nxd8 Rxd8 28. Ra7 Qc6 29. Bc7 Rc8 30. Bxa5 Nf8 31. Re3 Ng6 32. g3 h6 33.
h4 Qe8 34. h5 Ne5 35. Qe2 Nc4 36. Rf3 Nxa5 37. Rxa5 Bxc3 38. Ra7 Bf6 39. Kg2 d4 40. Qe4 Qc6 41. Qg4 Ra8 42. Rxa8+ Qxa8 43. Kh2 Qd5 44. Rxf6 d3 45. Rf4 Qc5 46. Rd4 1-0

[Event "*** MasterClass Titled Tuesday Blitz"]
[Site "Chess.com"]
[Date "2017.11.07"]
[Round "1"]
[White "GameOverBro"]
[Black "Iball95"]
[Result "0-1"]
[WhiteElo "2303"]
[BlackElo "2574"]
[TimeControl "180+2"]
[EndTime "14:11:56 PST"]
[Termination "Iball95 won by resignation"]

1. e4 c5 2. Ne2 Nc6 3. Nbc3 g6 4.
d4 cxd4 5. Nxd4 Bg7 6. Nde2 Nf6 7. g3 Rb8 8. Bg2 O-O 9. a4 a6 10. O-O b5 11. axb5 axb5 12. h3 d6 13. Be3 b4 14.
Nd5 Nxd5 15. exd5 Ne5 16. b3 Qc7 17. Bd4 Bb7 18. Qd2 Rfc8 19. Ra2 Ra8 20. Rfa1 Rxa2 21. Rxa2 Rb8 22. Ra4 Bc8 23. f4 Nd7 24. Bxg7 Kxg7 25.
Nd4 Qc5 26. Kh2 Nf6 27. Nc6 Rb7 28. Rxb4 Rxb4 29. Nxb4 Bf5 30. c4 Qa5 31. g4 Bc8 32. g5 Nh5 33. Qd4+ Kg8 34. Nc6 Qe1 35. Qe4 Qg3+ 36. Kh1 Bxh3 37. Nxe7+ Kf8 38. Nc6 Qxb3 39. Qd4 Bxg2+ 40. Kxg2 Qg3+ 41. Kf1 Qxf4+ 42. Ke2 Ng3+ 43. Kd3 Qf3+ 44. Kc2 Qe4+ 45. Kb3 Qxd4 46. Nxd4 Ne4 47.
Kb4 Nxg5 48. Kb5 Ne4 49. Kc6 h5 50. Nb5 Ke7 51. Na7 h4 52. Nc8+ Kd8 53. Nxd6 Nxd6 54. Kxd6 h3 55. c5 h2 56. c6 h1=Q 0-1

[Event "*** MasterClass Titled Tuesday Blitz"]
[Site "Chess.com"]
[Date "2017.11.07"]
[Round "1"]
[White "LuisFSiles"]
[Black "ChainsOfFantasia"]
[Result "0-1"]
[WhiteElo "2186"]
[BlackElo "2494"]
[TimeControl "180+2"]
[EndTime "14:12:06 PST"]
[Termination "ChainsOfFantasia won on time"]

1. e4 c6 2. d4 d5 3. exd5 cxd5 4. c4 Nf6 5. Nc3 Nc6 6. Bg5 dxc4 7. Bxc4 Qxd4 8. Qxd4 Nxd4 9. O-O-O e5 10. f4 Bg4 11.
Nf3 Bxf3 12. gxf3 O-O-O 13. fxe5 Nxf3 14. Bf4 Rxd1+ 15. Rxd1 Nh5 16. Rf1 Nxf4 17. Rxf3 g5 18. Bxf7 Bg7 19. e6 Kd8 20. Ne4 h6 21. Ng3 Ke7 22.
Nf5+ Kf6 23. Nxg7 Kxg7 24. Rb3 Rb8 25. Rb5 Kf6 26. Kd2 Nxe6 27. Bxe6 Kxe6 28. Ke3 b6 29. Rb4 Kf6 30. Rd4 Re8+ 31. Kf3 h5 32. b4 Kf5 33.
Rd7 a5 34. bxa5 bxa5 35. Rf7+ Kg6 36. Ra7 Re5 37. h4 g4+ 38. Kg3 Re3+ 39. Kf4 Ra3 40. Ra6+ Kf7 41. Kg5 g3 42. Kxh5 Rxa2 43. Rg6 g2 44. Kh6 Re2 45. Rg3 a4 46. h5 a3 47.
Kh7 a2 48. h6 a1=Q 49. Rf3+ Qf6 0-1

[Event "*** MasterClass Titled Tuesday Blitz"]
[Site "Chess.com"]
[Date "2017.11.07"]
[Round "1"]
[White "hypert"]
[Black "Man-Chuk"]
[Result "0-1"]
[WhiteElo "2327"]
[BlackElo "2589"]
[TimeControl "180+2"]
[EndTime "14:12:12 PST"]
[Termination "Man-Chuk won by resignation"]

1. e4 e5 2. Nf3 Nc6 3. Bc4 Bc5 4. d3 Nf6 5. c3 h6 6. O-O d6 7. Nbd2 O-O 8. h3 a5 9. a4 Be6 10. Re1 Ba7 11. Bxe6 fxe6 12. Qb3 Qd7 13. Nc4 Nh5 14. Qb5 Nf4 15. Bxf4 Rxf4 16. d4 exd4 17. Nxd4 Raf8 18.
Re2 Bxd4 19. cxd4 Qf7 20. Qxb7 Rxf2 21. Rxf2 Qxf2+ 22. Kh1 Nxd4 23. Qxc7 d5 24. exd5 exd5 25. Ne5 Ne6 26. Qc3 Nf4 27. Qf3 Qxb2 28. Re1 Qb4 29.
Rf1 Qe4 30. Qxe4 dxe4 31. Re1 Nd3 32. Re3 Nxe5 33. Rxe4 Nc6 34. Re6 Rf6 35. Re8+ Kf7 36. Ra8 g5 37. Kh2 h5 38. Ra6 Kg6 39. g4 h4 40. Kg2 Rd6 41. Rb6 Kf6 42. Kf2 Re6 43.
Ra6 Ke5 44. Rb6 Kd4 45. Rb5 Rf6+ 46. Ke2 Re6+ 47. Kd2 Re5 48. Rb6 Nb4 49. Rd6+ Kc4 50. Rf6 Kb3 0-1

[Event "*** MasterClass Titled Tuesday Blitz"]
[Site "Chess.com"]
[Date "2017.11.07"]
[Round "1"]
[White "ViIIagra"]
[Black "asms9699"]
[Result "0-1"]
[WhiteElo "2707"]
[BlackElo "2440"]
[TimeControl "180+2"]
[EndTime "14:12:17 PST"]
[Termination "asms9699 won by resignation"]

1. e4 e6 2. d4 d5 3. Nc3 Nf6 4. exd5 exd5 5. Bd3 Bg4 6. f3 Bh5 7. Nge2 Bg6 8. Bg5 Be7 9. h4 Bxd3 10. Qxd3 h6 11.
Be3 c6 12. O-O-O Na6 13. g4 Nd7 14. g5 hxg5 15. hxg5 Rxh1 16. Rxh1 Bxg5 17. Nf4 Qe7 18. Kb1 O-O-O 19. Nfxd5 cxd5 20. Nxd5 Qd6 21. Qc3+ Nc7 22.
Bxg5 Qxd5 23. Bxd8 Kxd8 24. Rh8+ Ne8 25. b3 Nf6 26. a4 Kd7 27. Ka2 Qc6 28. Qd3 Nc7 29.
Kb2 Ncd5 30. c4 Ne7 31. d5 Qd6 32. Rf8 Qe5+ 33. Qc3 Qh5 34. Qb4 b6 35. Qb5+ Kd6 36.
Rd8+ Kc7 37. Ra8 Qh2+ 38. Ka3 Qd6+ 39. b4 Nc8 40. a5 Kb7 41. axb6 Kxa8 42. b7+ Kb8 43.
bxc8=Q+ Kxc8 44. Qa4 a6 45. Qc2 a5 46. c5 Qxd5 47. bxa5 Nd7 48. Kb4 Qxf3 49. c6 Nb8 50. Kb5 Qxc6+ 51. Qxc6+ Nxc6 52. Kxc6 Kb8 53. Kb6 g5 54.
Kc5 g4 55. Kd4 f5 56. Ke3 Ka7 0-1

[Event "*** MasterClass Titled Tuesday Blitz"]
[Site "Chess.com"]
[Date "2017.11.07"]
[Round "1"]
[White "Cherone"]
[Black "Rhinos1"]
[Result "1-0"]
[WhiteElo "2467"]
[BlackElo "2008"]
[TimeControl "180+2"]
[EndTime "14:12:17 PST"]
[Termination "Cherone won by checkmate"]

1. e4 e5 2. Nf3 Nc6 3. Bc4 Nf6 4. d3 Be7 5. O-O d6 6. a4 O-O 7. c3 Bg4 8. Nbd2 a6 9. h3 Bh5 10. Re1 h6 11. Nf1 Bg6 12. Ng3 Nh7 13. b4 Kh8 14.
Qb3 Qd7 15. Be3 Nd8 16. Rad1 f5 17. exf5 Bxf5 18. Nxf5 Qxf5 19. b5 axb5 20. axb5 Qh5 21. Nh2 Bg5 22. Bd5 Bxe3 23. Rxe3 Ng5 24. Rde1 Qg6 25.
Rg3 Qf6 26. Nf3 c6 27. Be4 d5 28. Bxd5 cxd5 29. Qxd5 Nde6 30. Qxe5 Qxe5 31. Nxe5 Nf4 32. Rg4 Ra2 33. Rxf4 Rxf4 34. Ng6+ Kh7 35. Nxf4 Rb2 36.
c4 Rb3 37. h4 Nf7 38. Re7 Nd6 39. h5 Nf5 40. Re8 Rb1+ 41. Kh2 Nd6 42. Rf8 Rf1 43. Ng6 b6 44. Rh8# 1-0

[Event "*** MasterClass Titled Tuesday Blitz"]
[Site "Chess.com"]
[Date "2017.11.07"]
[Round "1"]
[White "Bryakin_Mikhail"]
[Black "AbdAlAgathos"]
[Result "0-1"]
[WhiteElo "2494"]
[BlackElo "2235"]
[TimeControl "180+2"]
[EndTime "14:12:18 PST"]
[Termination "AbdAlAgathos won by checkmate"]

1. b3 e5 2. Bb2 Nc6 3. Nf3 e4 4.
Nd4 Qf6 5. e3 Bc5 6. c3 Ne5 7.
d3 d5 8. dxe4 dxe4 9. Nd2 Qg6 10. Qc2 Nf6 11. b4 Bb6 12. a4 a5 13. b5 O-O 14. c4 Bc5 15. Rg1 Bb4 16. Bc3 Bxc3 17. Qxc3 Bg4 18. Rh1 Rfd8 19. h3 Bd7 20. g4 Nd3+ 21.
Bxd3 exd3 22. O-O-O c6 23. f4 cxb5 24. axb5 Ne4 25. Nxe4 Qxe4 26. Qxd3 Qe7 27. Kb2 a4 28. Qa3 Qe4 29. Rh2 Be6 30. Rc2 Rac8 31. Rdc1 Bd7 32.
Rc3 Be8 33. R1c2 Ra8 34. g5 Qh1 35. Qe7 a3+ 36. Rxa3 Rac8 37. Rac3 Ra8 38. Ra3 Rac8 39. h4 Qe1 40. h5 Rxd4 41. Qxb7 Rdd8 42. h6 Rb8 43. Qe4 Bxb5 44. Rb3 Ba4 45. Rxb8 Rxb8+ 46. Ka3 Bxc2 47. Qe5 Qc1+ 48. Ka2 Qb1+ 49. Ka3 Qb3# 0-1

[Event "*** MasterClass Titled Tuesday Blitz"]
[Site "Chess.com"]
[Date "2017.11.07"]
[Round "1"]
[White "EndgameGrinder"]
[Black "viggi38"]
[Result "1-0"]
[WhiteElo "2506"]
[BlackElo "2210"]
[TimeControl "180+2"]
[EndTime "14:12:21 PST"]
[Termination "EndgameGrinder won by resignation"]

1. e4 e6 2. d4 d5 3. Nd2 Nc6 4. Ngf3 Nf6 5. e5 Nd7 6. Nb3 Be7 7. Bb5 O-O 8. h4 a5 9. a4 Na7 10. Bd3 f5 11. exf6 Nxf6 12. Bg5 h6 13. Bxf6 Bxf6 14. c3 Nc6 15. Qe2 e5 16. Nxe5 Nxe5 17. dxe5 Bxe5 18. O-O-O Qf6 19. g3 Bd6 20. f4 c5 21. Bc2 Be6 22. Rhe1 Rae8 23. Qd3 b6 24. h5 g6 25. Qxg6+ Qxg6 26. Bxg6 Re7 27. Re2 d4 28. Rde1 Rf6 29.
Nd2 dxc3 30. bxc3 Kf8 31. Ne4 Bg4 32. Nxf6 Rxe2 33. Rxe2 Bxe2 34. Nd7+ Ke7 35. Nxb6 Bc7 36.
Nd5+ Kd6 37. Nxc7 Kxc7 38. Kd2 Bg4 39. Ke3 Kd6 40. Bd3 Bd7 41. Bc2 Bg4 42. Be4 Bxh5 43.
Bf3 Be8 44. Bd1 Kd5 45. Bb3+ c4 46. Bd1 Bd7 47. g4 Be8 48. g5 hxg5 49. fxg5 Ke5 50.
Bc2 Bc6 51. g6 Bd5 52. g7 Kf6 53. Kd4 Bg8 54. Kc5 Kxg7 55. Kb6 Kf6 56. Kxa5 Ke5 57. Kb4 Kd6 58. Bb1 1-0

[Event "*** MasterClass Titled Tuesday Blitz"]
[Site "Chess.com"]
[Date "2017.11.07"]
[Round "1"]
[White "LawrenceTrent"]
[Black "michaelq2d5"]
[Result "0-1"]
[WhiteElo "2356"]
[BlackElo "2629"]
[TimeControl "180+2"]
[EndTime "14:12:24 PST"]
[Termination "michaelq2d5 won by resignation"]

1. e4 e5 2. Nf3 Nc6 3. Bc4 Nf6 4. d4 exd4 5. e5 d5 6. Bb5 Ne4 7. Nxd4 Bd7 8. Bxc6 bxc6 9. O-O Bc5 10. Be3 Bb6 11.
f3 Ng5 12. f4 Ne4 13. Nd2 c5 14. N4f3 Nxd2 15. Qxd2 d4 16. Bf2 Bc6 17. Bh4 Qd5 18. f5 h6 19. c4 Qxc4 20. e6 Bxf3 21. Rxf3 fxe6 22. fxe6 g5 23. Bg3 O-O-O 24. Re1 Rde8 25. e7 Qd5 26. b3 Kb7 27. Qd3 Rhg8 28. Rf5 Qc6 29.
Qc4 Rg7 30. Rfe5 Qd7 31. Qd3 Kb8 32. Qe4 h5 33. h3 h4 34. Bh2 g4 35. hxg4 Qxg4 36.
Qxg4 Rxg4 37. Rf5 Kc8 38. Rd5 Rg7 39. Rde5 Kd7 40. Rd5+ Kc6 41. Rde5 h3 42. g3 Kd6 43. Re6+ Kd7 44. Rh6 Rgxe7 45. Rf1 Re2 46. Rxh3 Rxa2 47. g4 Ree2 48. Bf4 Rg2+ 49. Kh1 Rxg4 50. Rh6 Re2 51. Bh2 Kc8 52. Rh7 Kb7 53. Bxc7 Bxc7 54. Rff7 Re1+ 0-1

[Event "*** MasterClass Titled Tuesday Blitz"]
[Site "Chess.com"]
[Date "2017.11.07"]
[Round "1"]
[White "twitchTriniCupid"]
[Black "Buffy7"]
[Result "0-1"]
[WhiteElo "2088"]
[BlackElo "2476"]
[TimeControl "180+2"]
[EndTime "14:12:32 PST"]
[Termination "Buffy7 won by resignation"]

1. d4 Nf6 2. c4 e6 3. Nc3 Bb4 4.
e3 Bxc3+ 5. bxc3 d6 6. Bd3 e5 7. Ne2 e4 8. Bc2 Bg4 9. Qd2 Bxe2 10. Qxe2 O-O 11. g4 Re8 12. g5 Nfd7 13. Qg4 Qe7 14. h4 c5 15. f3 exf3 16. O-O Nc6 17. Rxf3 Na5 18. Rb1 Nb6 19. d5 Naxc4 20. Bb3 Ne5 21. Qf5 Nxf3+ 22. Qxf3 Qe4 23. Qxe4 Rxe4 24. Bc2 Rc4 25. Bd2 Rxh4 26. a4 Re8 27. e4 Nc4 28.
Bc1 b6 29. Kg2 Kf8 30. Kg3 Rh1 31. Kg2 Rh5 32. Bd3 Ne5 33. Be2 Rh4 34. Bb5 Rd8 35. a5 Rxe4 36. axb6 axb6 37. Bf1 Rb8 38. Kf2 f5 39.
gxf6 gxf6 40. Bd2 Kf7 41. Bg2 Rh4 42. Ra1 Rb7 43. Kg3 Rg4+ 44. Kf2 b5 45. Ra6 b4 46. cxb4 cxb4 47. Bh3 Rd4 48. Be6+ Kg6 49. Be3 Ng4+ 50. Kf3 Nxe3 51. Kxe3 Rc4 52. Rc6 Rxc6 53. dxc6 Rc7 54. Bd5 f5 55. Kf4 Kf6 0-1

[Event "*** MasterClass Titled Tuesday Blitz"]
[Site "Chess.com"]
[Date "2017.11.07"]
[Round "1"]
[White "oskariot"]
[Black "nOcHeaTiNgKiD"]
[Result "1-0"]
[WhiteElo "2498"]
[BlackElo "2187"]
[TimeControl "180+2"]
[EndTime "14:12:39 PST"]
[Termination "oskariot won by resignation"]

1. e4 c6 2. d4 d5 3. e5 Bf5 4. Nf3 e6 5. Be2 Nd7 6. O-O h6 7. a4 a5 8. c3 Ne7 9. Na3 g5 10. Ne1 Qb6 11. Bh5 Bg6 12. Nd3 Bg7 13. f4 gxf4 14. Bxf4 Qa6 15. Bxg6 Nxg6 16. Bg3 O-O 17. Qd2 f6 18. Nf4 Nxf4 19. Bxf4 Kh7 20. exf6 Rxf6 21. Bd6 b5 22. Qd3+ Kh8 23. Rxf6 Nxf6 24.
Qg6 Qb7 25. Rf1 Rg8 26. Rxf6 Bxf6 27. Qxf6+ Qg7 28. Qxg7+ Kxg7 29. axb5 cxb5 30. Nxb5 Rd8 31. Be5+ Kg6 32. Kf2 Kf5 33. Ke3 a4 34. h3 h5 35.
Kf3 Kg6 36. g4 Rf8+ 37. Kg3 h4+ 38. Kg2 Kg5 39. Bd6 Rh8 40. Nc7 Rh6 41. Be7+ Kf4 42. Bd6+ Ke3 43. g5 Rg6 44. Be7 Kd3 45. Kf3 Rg7 46.
Bd8 Rd7 47. Nxe6 Kc2 48. Bf6 Kxb2 49. Nc5 Rf7 50. Nxa4+ Kb3 51. Nb6 Kxc3 52. Nxd5+ Kd3 53. Nf4+ Kc4 54. Kg4 Rf8 55. Kf5 1-0

[Event "*** MasterClass Titled Tuesday Blitz"]
[Site "Chess.com"]
[Date "2017.11.07"]
[Round "1"]
[White "aa175"]
[Black "temiksmozg"]
[Result "0-1"]
[WhiteElo "1858"]
[BlackElo "2455"]
[TimeControl "180+2"]
[EndTime "14:12:54 PST"]
[Termination "temiksmozg won by checkmate"]

1. e4 e6 2. Nf3 d5 3. exd5 exd5 4.
d4 Bd6 5. Be2 Nf6 6. O-O O-O 7.
h3 c6 8. c3 Ne4 9. Nbd2 f5 10. Re1 Nd7 11. Nf1 Qf6 12. Ne3 Nb6 13. a4 a5 14. Bf1 f4 15. Nc4 Nxc4 16. Bxc4 Nxf2 17. Bxd5+ cxd5 18. Kxf2 Bf5 19. Qb3 Rae8 20. Qxd5+ Kh8 21. Bd2 Qg6 22. Rxe8 Rxe8 23. Re1 Be4 24. Qg5 h6 25. Qxg6 Bxg6 26. Rxe8+ Bxe8 27. Ne5 g5 28. h4 Kg7 29. hxg5 hxg5 30. g3 fxg3+ 31. Kxg3 Kf6 32.
Kg4 Bxa4 33. Bxg5+ Ke6 34. Nc4 Bc7 35. Bf4 Bd1+ 36.
Kg3 Bd8 37. Ne5 Kd5 38. Nf7 Be7 39. Kf2 Ke4 40. Bc7 a4 41. Ke1 Bb3 42. Kd2 Bxf7 43. Kc2 Bb3+ 44. Kb1 Kd3 45. Ba5 Kc4 46. Bb6 Bd1 47.
Kc1 Bf3 48. Kb1 Kb3 49. Bc7 Bg5 50. Bd6 Be4+ 51. Ka1 Bc1 52. Ba3 b5 53. d5 Bxd5 54. Kb1 Bd2 55. Ka1 Be4 56. Bb4 Bc1 57. Ba3 Bc2 58.
c4 b4 59. c5 bxa3 60. bxa3 Bb2# 0-1

[Event "*** MasterClass Titled Tuesday Blitz"]
[Site "Chess.com"]
[Date "2017.11.07"]
[Round "1"]
[White "SCIM"]
[Black "Sanan_Sjugirov"]
[Result "1-0"]
[WhiteElo "2410"]
[BlackElo "2651"]
[TimeControl "180+2"]
[EndTime "14:12:58 PST"]
[Termination "SCIM won by resignation"]

1. d4 Nf6 2. c4 e6 3. Nc3 Bb4 4. Qc2 O-O 5. Nf3 d5 6. cxd5 exd5 7. Bf4 c5 8. dxc5 Nc6 9. e3 d4 10. Rd1 Bg4 11. Be2 Nd5 12. Nxd4 Nxf4 13. Bxg4 Nxg2+ 14. Kf1 Ne5 15. Bh3 Nh4 16. Nf5 Qf6 17. Ne4 Qa6+ 18.
Qe2 Qxe2+ 19. Kxe2 Nxf5 20. Bxf5 g6 21. Bh3 f5 22.
Ng5 Rfe8 23. Rd5 Rac8 24. Rc1 b6 25. a3 Rxc5 26. Rdxc5 Bxc5 27. b4 Bd6 28. Bg2 Kg7 29. Bd5 h6 30. Ne6+ Kf6 31. Nd4 f4 32. Nc6 fxe3 33.
fxe3 Ng4 34. Rf1+ Kg5 35. Rf3 Nxh2 36. Rf7 Ng4 37. e4 h5 38. Rxa7 h4 39. Nd4 Kf4 40.
Rf7+ Kg3 41. Rf3+ Kh2 42. Be6 Ne5 43. Rh3+ Kg2 44. Rxh4 Rf8 45. Rh6 Rf2+ 46. Ke3 Be7 47. Bh3+ Kg1 48. Ne2+ Kh2 49. Bf1+ 1-0